 Dungeon Crawl Stone Soup version 0.31-a0-303-gdc8c9485ea (webtiles) character file.

Game seed: 12475085929520482648

515 Zonian the Ducker (level 7, -1/34 HPs)
             Began as a Felid Shapeshifter on July 16, 2023.
             Slain by a black bear (4 damage)
             ... on level 5 of the Dungeon.
             The game lasted 00:13:54 (7253 turns).

Zonian the Ducker (Felid Shapeshifter)              Turns: 7253, Time: 00:13:55

Health: -1/34      AC:  2    Str: 13    XL:     7   Next: 0%
Magic:  8/8        EV: 21    Int: 10    God:
Gold:   177        SH:  0    Dex: 16    Spells: 6/6 levels left
                                        Lives:  0   Deaths: 2

rFire   + .          .
                       - Unarmed
rCold   . . .        (shield unavailable)
rNeg    . . .        (body armour unavailable)
rPois   .            (helmet unavailable)
rElec   .            (cloak unavailable)
rCorr   .            (gloves unavailable)
SInv    +            (boots unavailable)
Will    ++...        (no amulet)
Stlth   +            e - ring of protection from fire
HPRegen 0.25/turn    y - ring of willpower
MPRegen 0.11/turn

%: no passive effects
@: beast-form, quick
A: beast (slay +4), very small, claws 1, fangs 3, see invisible, speed 1, shaggy
fur 2, stealthy paws, no weapons or thrown items, no armour, multi-lived
a: Begin Untransformation


You were on level 5 of the Dungeon.
You were a hulking beast.
You visited 1 branch of the dungeon, and saw 6 of its levels.

You collected 307 gold pieces.
You spent 130 gold pieces at shops.

Inventory:

Jewellery
 e - a ring of protection from fire (left paw)
 y - a ring of willpower (right paw)
Talismans
 b - a beast talisman
Wands
 q - a wand of charming (1)
 r - a wand of flame (32)
Scrolls
 f - 3 scrolls of noise
 k - 2 scrolls of torment
 n - a scroll of butterflies
 s - 2 scrolls of vulnerability
 u - a scroll of teleportation
Potions
 a - a potion of lignification
 d - a potion of heal wounds
 h - a potion of attraction
 i - 2 potions of enlightenment
 l - a potion of degeneration
 m - a potion of resistance
 o - a potion of curing
 p - a potion of invisibility
 t - a potion of cancellation
 v - 2 potions of haste
 w - a potion of might
 z - a potion of ambrosia


   Skills:
 + Level 5.6 Fighting
 + Level 7.6 Dodging
 + Level 5.7 Unarmed Combat
 + Level 6.0 Shapeshifting


You had 6 spell levels left.
You didn't know any spells.
Your spell library contained the following spells:

 Spells                   Type           Power      Damage    Failure   Level
 Sting                    Tmut/Pois      0%         1d3       36%         1
 Blink                    Tloc           0%         N/A       50%         2
 Lesser Beckoning         Tloc           0%         N/A       50%         2
 Momentum Strike          Conj/Tloc      0%         3d8       50%         2
 Poisonous Vapours        Pois/Air       0%         N/A       50%         2
 Call Canine Familiar     Summ           0%         N/A       75%         3
 Leda's Liquefaction      Hex/Erth       0%         N/A       98%         4
 Olgreb's Toxic Radiance  Pois           0%         N/A       98%         4
 Portal Projectile        Hex/Tloc       Unusable   N/A       N/A         3

Dungeon Overview and Level Annotations

Branches:
Dungeon (6/15)             Temple (0/1) D:6

Altars:
Kikubaaqudgha
Makhleb
Sif Muna
Trog
Vehumet

Shops:
D:1 [   D:3 *   D:4 (


Innate Abilities, Weirdness & Mutations

You are a hulking beast.
Your limbs bulge with bestial killing power. (Slay +4)
You have sharp claws.
You have razor-sharp teeth.
You have supernaturally acute eyesight. (SInv)
You cover ground quickly. (Speed+)
You are covered in thick fur. (AC +2)
Your paws help you pounce on unaware monsters.
You are incapable of wielding weapons or throwing items.
You cannot wear armour.
You gain extra lives every three experience levels.


Message History

You see here a water moccasin skeleton.
Things that are here:
a +0 robe; a +0 club; a gnoll skeleton
As you read the scroll labelled FENUJI IDDUUJU, it crumbles to dust.
It is a scroll of brand weapon.
You aren't carrying any weapons that can be branded.
There is a stone staircase leading up here.
Unknown command.
A gnoll comes into view. It is wielding a +0 club.
The gnoll shouts!
A gnoll comes into view. It is wielding a +0 halberd.
The white imp gestures at you. The puff of frost hits you!
The gnoll shouts!
You hear a shout!
The black bear closely misses you. The black bear completely misses you.
The black bear claws you.
You climb upwards.
There is a stone staircase leading down here.
Unknown command.
You scratch the black bear.
The black bear is lightly wounded.
The black bear closely misses you. The black bear claws you.
The black bear claws you but does no damage.
You claw the black bear!
The black bear is heavily wounded.
The black bear completely misses you. The black bear misses you. x2
You closely miss the black bear.
The black bear is heavily wounded.
The black bear closely misses you. The black bear claws you.
The black bear claws you but does no damage.
You scratch the black bear.
The black bear is heavily wounded.
The black bear bites you! The black bear misses you. The black bear claws you.
* * * LOW HITPOINT WARNING * * *
You scratch the black bear.
The black bear is heavily wounded.
The black bear bites you!
* * * LOW HITPOINT WARNING * * *
The black bear barely misses you. The black bear claws you.
You die...

..#........#.##.##
#.########.#.....# ####
#.#........#.##..### #########...
..#.########.......# #...........
.............##..#.###.#######...
...##)..#.#####..#.##...#### ##.#
######..#.# #..[....#....# #.#
#..#.# #(##.##...##.# #.# #..#.#
#hh..###.###.# #.#
#..#.########.# #.# #.# #.#
#..#.##.......# #.# #.# #.#
#..#..........# #.# #.# #.#
#..#Y##.#####.# #.# #.# #.#
######..#.##.#####.###.# #.# #.#
........#.##.#......##.# #.# #.#
........#.........Y....###.# #.#
#..................[.......####.#


You could see a black bear.

Vanquished Creatures
  Grinder (D:5)
  A water moccasin (D:6)
  An ice beast (D:5)
  3 black bears
  An ogre (D:4)
  3 scorpions
  5 hounds
  A gnoll bouda (D:6)
  2 orc priests (D:5)
  3 iguanas
  3 orc wizards
  6 gnolls
  7 adders
  A white imp (D:5)
  An ufetubus (D:5)
  2 worms (D:2)
  3 dart slugs
  7 orcs
  10 endoplasms
  4 giant cockroaches
  11 goblins
  11 hobgoblins
  13 jackals
  6 kobolds
  6 quokkas
  7 ball pythons
  15 bats
  2 frilled lizards (D:1)
  8 rats
144 creatures vanquished.

Notes
Turn   | Place    | Note
-------+----------+-------------------------------------------
     0 | D:1      | Zonian the Felid Shapeshifter began the quest for the Orb.
     0 | D:1      | Reached XP level 1. HP: 9/9 MP: 2/2
   214 | D:1      | Reached skill level 3 in Dodging
   214 | D:1      | Reached XP level 2. HP: 9/13 MP: 3/3
  1005 | D:1      | Found Roefayg's Antique Armour Shoppe.
  1010 | D:1      | Reached XP level 3. HP: 16/16 MP: 4/4
  1320 | D:2      | Found a burning altar of Makhleb.
  1614 | D:2      | Reached XP level 4. HP: 20/20 MP: 5/5
  2036 | D:2      | Reached skill level 4 in Dodging
  2582 | D:2      | Reached XP level 5. HP: 16/24 MP: 6/6
  3196 | D:3      | Found Houjailo's Assorted Antiques.
  3203 | D:3      | Bought a scroll labelled SEUPPE ASCHOGH for 26 gold pieces
  3203 | D:3      | Bought a long bone wand for 104 gold pieces
  3239 | D:3      | Found a radiant altar of Vehumet.
  3820 | D:4      | Gained mutation: You are covered in thick fur. (AC +2)
                  | [Felid growth]
  3820 | D:4      | Reached XP level 6. HP: 28/28 MP: 7/7
  3849 | D:4      | Found a bloodstained altar of Trog.
  3931 | D:4      | Reached skill level 5 in Dodging
  4064 | D:4      | HP: 1/28 [iguana (13)]
  5022 | D:4      | Found Geureex's Firing Range.
  5058 | D:5      | Entered Level 5 of the Dungeon
  5073 | D:5      | Reached XP level 7. HP: 32/32 MP: 8/8
  5305 | D:5      | Reached skill level 6 in Dodging
  5305 | D:5      | Reached skill level 5 in Shapeshifting
  5410 | D:5      | Noticed Grinder
  5431 | D:5      | Killed Grinder
  5619 | D:5      | Reached XP level 8. HP: 36/36 MP: 9/9
  5648 | D:5      | Reached skill level 5 in Unarmed Combat
  5706 | D:5      | Reached skill level 5 in Fighting
  6087 | D:5      | Found an ancient bone altar of Kikubaaqudgha.
  6207 | D:5      | Reached skill level 7 in Dodging
  6420 | D:6      | Slain by a gnoll
  6421 | D:6      | Reached XP level 7. HP: -2/33 MP: 8/8
  6424 | D:6      | Found a shimmering blue altar of Sif Muna.
  7155 | D:6      | Reached XP level 8. HP: 28/38 MP: 9/9
  7218 | D:6      | Shot with an arrow by a centaur
  7219 | D:6      | Reached XP level 7. HP: 0/34 MP: 8/8
  7253 | D:5      | Slain by a black bear

Illustrated notes

Levels and vault maps discovered:
D:1:      dpeg_arrival_windows_large_door, layout_basic, serial_shops, shop
D:2:      minmay_razor_zed, layout_loops_ring, basic_altar, minmay_guardbox
D:3:      layout_rooms, vehumet_altar_wand_db, serial_shops, nicolae_shop_stone,
          st_stairs_1, chequers_mini_garden
D:4:      layout_basic, mainiacjoe_overflow_alcove_4, nicolae_shop_firing_range
D:5:      layout_loops_ring, nicolae_overflow_crystal_walls,
          minmay_misc_feat_diagonals, minivault_27, uniq_grinder
D:6:      layout_rooms, kennysheep_mini_moat, minmay_temple_entry_proselytizer,
          uniq_eustachio

Skill      XL: |  1  2  3  4  5  6  7  8 |
---------------+-------------------------+-----
Dodging        | 3 4 5 6 7 |  7.6
Fighting       | 3 4 5 |  5.6
Unarmed Combat | 3 4 5 |  5.7
Shapeshifting  | 4 6 |  6.0

Action                     |  1- 3 |  4- 6 |  7- 9 || total
---------------------------+-------+-------+-------++-------
  Melee: Unarmed           |    97 |   164 |   130 ||   391
         Punch             |     5 |     5 |     4 ||    14
         Bite              |    11 |    21 |    19 ||    51
  Evoke: Wand              |       |     3 |     9 ||    12
    Use: Potion            |       |     2 |       ||     2
         Scroll            |       |    10 |     8 ||    18
   Stab: Sleeping          |     2 |     3 |       ||     5
 Armour: Skin              |     9 |    12 |     6 ||    27
  Dodge: Dodged            |    59 |   110 |   166 ||   335

Table legend: (Time is in decaauts)
 A = Elapsed time spent in this place.
 B = Non-inter-level travel time spent in this place.
 C = Inter-level travel time spent in this place.
 D = Time resting spent in this place.
 E = Time spent auto-exploring this place.
 F = Levels seen in this place.
 G = Mean time per level.
                   A        B        C        D        E       F      G
               +--------+--------+--------+--------+--------+-----+--------+
         Total |   6552 |   6370 |    182 |   3025 |   2047 |   6 | 1092.0 |
       Dungeon |   6552 |   6370 |    182 |   3025 |   2047 |   6 | 1092.0 |
               +--------+--------+--------+--------+--------+-----+--------+

Top non-repeatable levels by time:
     D:5: 1714 daAuts
     D:4: 1564 daAuts
     D:2: 1237 daAuts
     D:1: 1157 daAuts
     D:3: 677 daAuts
     D:6: 200 daAuts
